 Dungeon Crawl Stone Soup version 0.17-a0-461-g772d41b (webtiles) character file.

7018 Kisielow the Cleaver (level 10, 0/95 HPs)
             Began as a Minotaur Chaos Knight on Apr 5, 2015.
             Slain by Snorg (4 damage)
             ... on level 10 of the Dungeon.
             The game lasted 00:44:59 (10009 turns).

Kisielow the Cleaver (Minotaur Chaos Knight)       Turns: 10009, Time: 00:44:59

Health: 0/95       AC: 24    Str: 23 (24) XL:     10   Next: 82%
Magic:  12/12      EV:  7    Int:  7      God:    Xom [..*...]
Gold:   620        SH:  0    Dex: 13      Spells: 0 memorised, 9 levels left

rFire  + . .     SeeInvis +     q - +4 executioner's axe (freeze)
rCold  . . .     Clarity  .     E - +1 plate armour {rF+}
rNeg   . . .     SustAb   .     (no shield)
rPois  .         Gourm    .     (helmet unavailable)
rElec  .         Spirit   .     e - +0 cloak
rCorr  .         Warding  .     M - +0 pair of gloves
rMut   +         Stasis   .     t - +0 pair of boots
MR     ++...                    A - amulet of resist mutation
Stlth  ..........               w - +5 ring of strength
                                h - +4 ring of protection

@: very slightly contaminated, hasted, very quick, very resistant to hostile
enchantments, extremely unstealthy
A: retaliatory headbutt, hooves 1, horns 3, camouflage 1, see invisible, agile
1, deterioration 1, dopey 1, magic resistance 2, mutation resistance 1, spit
poison 1
a: Spit Poison, Renounce Religion


You were on level 10 of the Dungeon.
You worshipped Xom.
You were a toy of Xom.
You were not hungry.

You visited 2 branches of the dungeon, and saw 11 of its levels.

You collected 620 gold pieces.

Inventory:

Hand weapons
 d - a +0 hand axe of chaos
 q - a +4 executioner's axe of freezing (weapon)
 L - a +1 scimitar of flaming
Armour
 e - a +0 cloak (worn)
 t - a +0 pair of boots (worn)
 E - a +1 plate armour of fire resistance (worn)
 I - a +0 pair of gloves
 J - the +2 robe of the Vaults {rElec Int+3}
   (You found it on level 8 of the Dungeon)

   It affects your intelligence (+3).
   It insulates you from electricity.
 M - a +0 pair of gloves (worn)
Jewellery
 b - an uncursed ring of magical power
 h - a +4 ring of protection (left hand)
 s - an uncursed ring of protection from cold
 w - a +5 ring of strength (right hand)
 A - an amulet of resist mutation (around neck)
 B - an uncursed ring of protection from magic
 D - an uncursed ring of poison resistance
Magical devices
 a - a wand of frost (22)
 u - a wand of paralysis (0)
 x - a wand of frost (15)
 y - a wand of slowing (28)
 F - a wand of teleportation (0)
 H - a wand of polymorph (14)
Scrolls
 l - 4 scrolls of remove curse
 p - 5 scrolls of identify
 v - a scroll of teleportation
 K - 2 scrolls of recharging {unknown}
Potions
 j - 3 potions of brilliance
 m - a potion of resistance
 n - 2 potions of agility
 C - a potion of flight
Books
 o - a book of Battle

   Spells                             Type                      Level
   a - Infusion                       Charms                       1
   b - Shroud of Golubria             Charms/Translocation         2
   c - Song of Slaying                Charms                       2
   d - Spectral Weapon                Hexes/Charms                 3
   e - Regeneration                   Charms/Necromancy            3
 G - the Almanac of Creation and Attacks
   (You found it on level 7 of the Dungeon)

   Spells                             Type                      Level
   a - Summon Butterflies             Summoning                    1
   b - Mephitic Cloud                 Conjuration/Poison/Air       3
   c - Summon Demon                   Summoning                    5
   d - Summon Forest                  Summoning/Translocation      5
   e - Iron Shot                      Conjuration/Earth            6
Comestibles
 c - 4 bread rations
 f - 12 meat rations
 g - 6 beef jerkies
 k - 10 royal jellies
 r - 5 chunks of flesh
 z - 7 fruits


   Skills:
 * Level 11.1 Fighting
 * Level 11.7 Axes
 * Level 11.3 Armour
 - Level 1.1 Dodging
 + Level 4.0 Evocations


You had 9 spell levels left.
You didn't know any spells.

Dungeon Overview and Level Annotations

Branches:
Dungeon (10/15)            Temple (1/1) D:5
   Lair: D:8-11         Orc: D:9-12

Altars:
Ashenzari
Cheibriados
Dithmenos
Elyvilon
Fedhas
Gozag
Kikubaaqudgha
Makhleb
Nemelex Xobeh
Okawaru
Qazlal
Ru
Sif Muna
Trog
Vehumet
Xom
Yredelemnul
Zin
The Shining One

Shops:
D:7 [   D:8 :(

Annotations:
D:10 Snorg


Innate Abilities, Weirdness & Mutations

You reflexively headbutt those who attack you in melee.
You have a pair of large horns on your head.
You have large cloven feet.
Your skin changes colour to match your surroundings (Stealth).
You have supernaturally acute eyesight.
You are agile. (Dex +2)
Your body is slowly deteriorating.
You are dopey. (Int -2)
You are highly resistant to hostile enchantments.
You are somewhat resistant to further mutation.
You can spit weak poison.


Message History

You are very lightly contaminated with residual magic.
You are too injured to fight recklessly!
You are too injured to fight recklessly!
You are too injured to fight recklessly!
You are too injured to fight recklessly!
You are too injured to fight recklessly!
You are too injured to fight recklessly!
You are too injured to fight recklessly!
You are too injured to fight recklessly!
You closely miss Snorg. You headbutt Snorg!
Snorg is heavily wounded.
Xom smirks.
You detect creatures!
Snorg bites you but does no damage. Snorg claws you but does no damage.
Snorg claws you!
* * * LOW HITPOINT WARNING * * *
You slash Snorg! You freeze Snorg.
Snorg is severely wounded.
Snorg bites you.
You die...
Xom is highly amused!

#.....#..###...................
#..............................
##...........##.........
###..........###........
#............# #.......
####.........###.......o
##.........##.......
##.................. o
####....##....@........ o
###.......###....T.......
...........###..........
........................ o o
.............####.......
#....##.....# #.....
#....###.... .... ##..## #...#
... ; #..# #....


You could see Snorg (berserk).

Vanquished Creatures
  Erica (D:8)
  A centaur warrior (D:9)
  Joseph (D:8)
  Psyche (D:8)
  Prince Ribbit (D:4)
  A two-headed ogre (D:10)
  A wyvern (D:9)
  A wolf (D:5)
  2 hungry ghosts
  2 nagas (D:8)
  A soldier ant (D:8)
  An ice beast (D:6)
  Duvessa (D:5)
  4 sky beasts
  An orc warrior (D:7)
  A spider (D:8)
  2 ogres
  A phantom (D:6)
  5 centaurs
  2 big kobolds
  A boring beetle (D:8)
  4 giant frogs
  11 killer bees
  3 scorpions
  A goliath beetle (D:8)
  5 crimson imps
  2 giant frog zombies
  2 quasits (D:8)
  4 giant frog skeletons
  A wasp zombie (D:5)
  A centaur skeleton (D:6)
  A jelly (D:7)
  3 hounds
  3 orc priests
  Ijyb (D:3)
  2 iguanas (D:9)
  8 orc wizards
  6 worker ants
  A worker ant zombie (D:7)
  Robin (D:3)
  6 adders
  9 gnolls
  2 shadow imps
  2 worms (D:3)
  An adder zombie (D:9)
  4 giant geckos
  22 orcs
  A ball python (D:5)
  13 bats
  A bat skeleton (D:7)
  13 goblins
  15 hobgoblins
  15 jackals
  4 quokkas
  3 giant cockroaches
  11 giant newts
  A giant spore (D:7)
  15 kobolds
  9 rats
  5 ballistomycetes
244 creatures vanquished.

Vanquished Creatures (collateral kills)
  A jelly (D:5)
  A hound (D:5)
  A gnoll (D:3)
3 creatures vanquished.

Vanquished Creatures (others)
  Pikel (D:5)
  A slave (D:5)
  A crimson imp (D:5)
  A quasit (D:5)
  An iron imp (D:5)
  A worker ant (D:5)
  A shadow imp (D:5)
  3 white imps
  3 ufetubi
  2 orcs (D:7)
  A bat skeleton (D:5)
  A hobgoblin (D:5)
  A giant spore (D:9)
  A quokka skeleton (D:5)
19 creatures vanquished.

Grand Total: 266 creatures vanquished

Notes
Turn   | Place    | Note
--------------------------------------------------------------
     0 | D:1      | Kisielow, the Minotaur Chaos Knight, began the quest for the Orb.
     0 | D:1      | Reached XP level 1. HP: 19/19 MP: 0/0
   249 | D:1      | Reached XP level 2. HP: 27/27 MP: 1/1
   281 | D:1      | Reached skill level 4 in Axes
   283 | D:1      | XOM: divination: magic mapping
   340 | D:1      | XOM: divination: magic mapping
   411 | D:1      | XOM: divination: detect creatures
   582 | D:1      | XOM: god gift: hardcover book {god gift}
   589 | D:1      | Learned a level 1 spell: Infusion
   661 | D:1      | XOM: colour smoke trail
   816 | D:2      | Found a radiant altar of Vehumet.
  1029 | D:2      | Reached XP level 3. HP: 32/34 MP: 2/2
  1333 | D:3      | XOM: mild Erth miscast
  1544 | D:3      | Noticed Robin
  1580 | D:3      | Killed Robin
  1580 | D:3      | Reached XP level 4. HP: 19/41 MP: 3/3
  1775 | D:3      | XOM: confuse monster(s)
  1779 | D:3      | Reached skill level 5 in Axes
  1781 | D:3      | XOM: enchant monster (bad)
  1782 | D:3      | Reached skill level 5 in Fighting
  1785 | D:3      | XOM: swap weapons
  1801 | D:3      | Gained mutation: Your skin changes colour to match your surroundings (Stealth). [potion of beneficial mutation]
  1801 | D:3      | HP: 2/42 [poisoned by a gnoll]
  1807 | D:3      | HP: 2/42 [poisoned by a gnoll]
  1813 | D:3      | HP: 2/42 [poisoned by a gnoll]
  1838 | D:3      | XOM: give mutations
  1838 | D:3      | Gained mutation: You are clumsy. (Dex -2) [Xom's mischief]
  1838 | D:3      | Gained mutation: You are frail (-10% HP). [Xom's mischief]
  1838 | D:3      | Gained mutation: You are resistant to hostile enchantments. [Xom's mischief]
  1851 | D:3      | Reached XP level 5. HP: 25/43 MP: 4/4
  2055 | D:3      | XOM: silly message
  2154 | D:3      | XOM: harmless Conj miscast
  2198 | D:3      | Noticed Ijyb
  2212 | D:3      | Killed Ijyb
  2505 | D:4      | Reached XP level 6. HP: 29/51 MP: 5/5
  2721 | D:5      | Entered Level 5 of the Dungeon
  2721 | D:5      | Noticed Prince Ribbit
  2729 | D:4      | Killed Prince Ribbit
  2729 | D:4      | Reached skill level 6 in Fighting
  2729 | D:4      | Reached skill level 5 in Armour
  2978 | D:4      | Noticed an ogre
  2982 | D:4      | Reached XP level 7. HP: 50/56 MP: 6/6
  2996 | D:4      | Killed an ogre
  3126 | D:4      | XOM: 1-stop teleportation journey
  3405 | D:4      | Noticed a scorpion
  3413 | D:4      | Killed a scorpion
  3519 | D:5      | XOM: harmless Erth miscast
  3520 | D:5      | Reached skill level 7 in Axes
  3546 | D:5      | Noticed Pikel
  3546 | D:5      | XOM: summons 7 friendly demons
  3551 | D:5      | Killed Pikel
  3551 | D:5      | XOM: divine lightning (protected)
  3597 | D:5      | XOM: confusion (+ monsters)
  3774 | D:5      | Found a staircase to the Ecumenical Temple.
  3786 | Temple   | Entered the Ecumenical Temple
  4048 | D:5      | Found a shadowy altar of Dithmenos.
  4054 | D:5      | Paralysed by you for 3 turns
  4056 | D:5      | XOM: summons 5 friendly demons
  4087 | D:5      | Noticed Dowan
  4090 | D:5      | Noticed Duvessa
  4094 | D:5      | XOM: give mutations
  4094 | D:5      | Gained mutation: You are weak. (Str -2) [Xom's mischief]
  4094 | D:5      | Lost mutation: You are frail (-10% HP). [Xom's mischief]
  4094 | D:5      | Gained mutation: You are dopey. (Int -2) [Xom's mischief]
  4094 | D:5      | Gained mutation: Your body is slowly deteriorating. [Xom's mischief]
  4110 | D:5      | Killed Duvessa
  4110 | D:5      | Reached XP level 8. HP: 54/73 MP: 7/7
  4111 | D:5      | XOM: god gift: scroll labeled UQIJUME KIGIU
  4115 | D:5      | Noticed Dowan
  4115 | D:5      | Dowan changed into Dowan the wolf
  4124 | D:5      | Killed Dowan the wolf
  4361 | D:5      | XOM: god gift: scroll labeled PETEVUDAILU
  4772 | D:6      | XOM: give mutation
  4772 | D:6      | Lost mutation: You are clumsy. (Dex -2) [Xom's mischief]
  4792 | D:6      | Reached skill level 8 in Armour
  5044 | D:6      | XOM: harmless Erth miscast
  5164 | D:6      | XOM: mild Summ miscast
  5259 | D:6      | XOM: divination: detect creatures
  5352 | D:6      | XOM: god gift: 24 gold pieces
  5358 | D:6      | Found an iron altar of Okawaru.
  5510 | D:6      | Reached skill level 9 in Armour
  5597 | D:7      | XOM: god gift: large diamond amulet {god gift}
  5652 | D:7      | Identified the Almanac of Creation and Attacks (You found it on level 7 of the Dungeon)
  5769 | D:7      | Reached XP level 9. HP: 76/82 MP: 8/8
  5769 | D:7      | XOM: vitrification
  5782 | D:7      | Found Uguvan Kosch's Armour Emporium.
  5815 | D:7      | Lost mutation: You are weak. (Str -2) [mutagenic meat]
  5816 | D:7      | Gained mutation: You have supernaturally acute eyesight. [mutagenic meat]
  5820 | D:7      | Gained mutation: You are somewhat resistant to further mutation. [mutagenic meat]
  6007 | D:7      | XOM: destruction
  6059 | D:6      | XOM: give mutations
  6059 | D:6      | Gained mutation: You can spit weak poison. [Xom's grace]
  6059 | D:6      | Gained mutation: You are highly resistant to hostile enchantments. [Xom's grace]
  6339 | D:7      | XOM: summons friendly ufetubus
  6476 | D:7      | XOM: silly message
  6558 | D:7      | XOM: vitrification
  6704 | D:8      | XOM: swap monsters
  6717 | D:8      | Found an ancient bone altar of Kikubaaqudgha.
  6731 | D:8      | Found a white marble altar of Elyvilon.
  6770 | D:8      | Found Ybai's Book Emporium.
  6775 | D:8      | Got a tattered robe
  6776 | D:8      | Identified the +2 robe of the Vaults {rElec Int+3} (You found it on level 8 of the Dungeon)
  6816 | D:8      | XOM: potion effect (brilliance)
  6860 | D:8      | XOM: summons 4 hostile demons
  6907 | D:8      | XOM: colour smoke trail
  7075 | D:8      | XOM: severe Chrm miscast
  7152 | D:8      | XOM: polymorph giant frog -> naga
  7188 | D:8      | Noticed Erica
  7205 | D:8      | Killed Erica
  7205 | D:8      | Reached skill level 10 in Axes
  7205 | D:8      | Reached skill level 10 in Armour
  7240 | D:8      | Noticed Psyche
  7252 | D:8      | Killed Psyche
  7252 | D:8      | Reached skill level 10 in Fighting
  7290 | D:8      | XOM: cast spell 'Summon Horrible Things'
  7311 | D:8      | Reached skill level 1 in Evocations
  7311 | D:8      | Reached XP level 10. HP: 56/93 MP: 8/10
  7380 | D:8      | Found Qialux's Weapon Shop.
  7400 | D:8      | Noticed Joseph
  7401 | D:8      | XOM: cast spell 'Summon Small Mammal'
  7406 | D:8      | XOM: confusion
  7423 | D:8      | Killed Joseph
  7797 | D:8      | XOM: summons 2 friendly demons
  7801 | D:8      | XOM: enchant monster (good)
  7808 | D:8      | XOM: enchant monster (good)
  7925 | D:8      | XOM: give mutations
  7925 | D:8      | Gained mutation: You have a pair of large horns on your head. [Xom's grace]
  7925 | D:8      | Gained mutation: You are agile. (Dex +2) [Xom's grace]
  7925 | D:8      | Gained mutation: You have large cloven feet. [Xom's grace]
  8347 | D:8      | XOM: 2-stop teleportation journey
  8409 | D:8      | XOM: silly message
  8681 | D:8      | XOM: vitrification
  8936 | D:9      | XOM: harmless Conj miscast
  9000 | D:9      | Reached skill level 11 in Axes
  9039 | D:9      | Identified a scroll of acquirement
  9059 | D:9      | Noticed a centaur warrior
  9063 | D:9      | Killed a centaur warrior
  9145 | D:8      | Found a shadowy altar of Dithmenos.
  9145 | D:8      | Found a glowing silver altar of Zin.
  9628 | D:9      | XOM: harmless Necr miscast
  9726 | D:9      | Found a snail-covered altar of Cheibriados.
  9809 | D:9      | XOM: harmless Tloc miscast
  9858 | D:10     | Entered Level 10 of the Dungeon
 10000 | D:10     | Noticed Snorg
 10008 | D:10     | XOM: divination: detect creatures
 10008 | D:10     | HP: 4/95 [Snorg (8)]
 10009 | D:10     | Slain by Snorg

Action                   |  1- 3 |  4- 6 |  7- 9 | 10-12 || total
-------------------------+-------+-------+-------+-------++-------
Melee: Hand axe          |   103 |   122 |   393 |   169 ||   787
       Club              |       |     6 |       |       ||     6
       Executioner's axe |       |       |       |    52 ||    52
 Abil: Spit Poison       |       |       |     3 |       ||     3
Evoke: Wand              |       |       |     7 |       ||     7
  Use: Scroll            |       |     9 |    12 |     2 ||    23
       Potion            |       |     6 |     4 |     8 ||    18
 Stab: Paralysed         |     2 |     3 |     8 |       ||    13
       Confused          |       |     2 |       |     3 ||     5
       Petrified         |       |       |     2 |       ||     2
       Petrifying        |       |       |     1 |     1 ||     2
  Eat: Chunk             |     2 |     5 |    21 |     9 ||    37
